 Dungeon Crawl Stone Soup version 0.28.0-62-gf88900778d (webtiles) character file.

Game seed: 18388165599257936620

231 browni3141 the Vexing (level 6, -3/43 HPs)
             Began as a Human Enchanter on Feb 27, 2023.
             Slain by a goblin
             ... wielding a +0 club
             ... led by Robin
              (6 damage)
             ... on level 4 of the Dungeon.
             The game lasted 00:13:42 (5243 turns).

browni3141 the Vexing (Human Enchanter)             Turns: 5243, Time: 00:13:42

Health: -3/43      AC:  4    Str:  7 (8)  XL:     6   Next: 24%
Magic:  1/9        EV: 12    Int: 16 (18) God:
Gold:   120        SH:  0    Dex: 11 (13) Spells: 1/9 levels left

rFire   . . .      SeeInvis .   a - +1 dagger
rCold   . . .      Faith    .   (no shield)
rNeg    . . .      Spirit   .   b - +0 robe
rPois   .          Reflect  .   (no helmet)
rElec   .          Harm     .   i - +0 cloak
rCorr   .          Rampage  .   (no gloves)
Will    .....                   h - +0 pair of boots
Stlth   ++........              (no amulet)
HPRegen 0.14/turn               (no ring)
MPRegen 0.11/turn               (no ring)

@: no status effects
A: no striking features
a: no special abilities


You were on level 4 of the Dungeon.
You visited 2 branches of the dungeon, and saw 5 of its levels.

You collected 120 gold pieces.


   Skills:
 - Level 1.0 Fighting
 - Level 1.0 Short Blades
 - Level 2.0 Dodging
 - Level 4.0 Stealth
 - Level 2.0 Spellcasting
 + Level 5.4 Hexes
 - Level 2.0 Ice Magic


You had one spell level left.
You knew the following spells:

 Your Spells              Type           Power      Damage    Failure   Level
d - Tukima's Dance        Hex            19%        N/A       7%          3
o - Confusing Touch       Hex            19%        N/A       7%          3
z - Ensorcelled Hibernat  Hex/Ice        26%        N/A       7%          2

Your spell library contained the following spells:

 Spells                   Type           Power      Damage    Failure   Level
 Dazzling Flash           Conj/Hex       20%        N/A       21%         3

Inventory:

Hand Weapons
 a - a +1 dagger (weapon)
Missiles
 m - 2 poisoned darts {@f3}
Armour
 b - a +0 robe (worn)
 c - a +0 helmet
 h - a +0 pair of boots (worn)
 i - a +0 cloak (worn)
Scrolls
 d - 3 scrolls of vulnerability {!r}
 e - a scroll of magic mapping
 f - 2 scrolls of enchant weapon
 k - a scroll of teleportation {@r4}
Potions
 g - a potion of attraction {!q}

Dungeon Overview and Level Annotations

Branches:
Dungeon (4/15)             Temple (1/1) D:4

Altars:
Ashenzari
Dithmenos
Elyvilon
Fedhas
Hepliaklqana
Kikubaaqudgha
Makhleb
Okawaru
Qazlal
Ru
Trog
Uskayaw
Wu Jian
Xom
Yredelemnul
The Shining One

Shops:
D:4 [

Annotations:
D:2 Grinder
D:3 Robin

#.###.#.# .## ##..#
#.###.### ##.#.## ###.## #
#.# ###.# ###### ....#
#####g...### .####
#####..K@g.....## ..##
#......##g¦¦¦¦¦.# (..###
#.###..##.¦...¦.# ¦...)#
##.###.....¦.>.¦.#
¦¦¦..###........#.¦...¦.###
¦..........#....#.¦.∩.¦...#
...###.#..........¦...¦.#.#
.......#.#.######.¦¦¦¦¦.#.#
.#####.#...# ##.....##.#


You could see a hobgoblin (strong), 2 goblins and a kobold.


Message History

Press: ? - help, Q - select action, (/) - cycle Shift-Dir - straight line, f - goblin
Aim: a goblin, wielding a +0 dagger and quivering stones (moderately wounded, strong, chance to affect: 64%)
The goblin looks drowsy...
The kobold shouts!
The goblin hits you with a +0 club. The hobgoblin closely misses you.
The goblin closely misses you.
The helpless goblin fails to defend itself.
You puncture the goblin!
You kill the goblin!
The hobgoblin barely misses you. The goblin hits you with a +0 club.
The goblin hits you but does no damage.
You hit the kobold but do no damage. The goblin hits you with a +0 club.
* * * LOW HITPOINT WARNING * * *
The hobgoblin hits you.
* * * LOW HITPOINT WARNING * * *
The goblin hits you with a +0 club.
* * * LOW HITPOINT WARNING * * *
You closely miss the kobold. The kobold hits you with a +0 rapier.
* * * LOW HITPOINT WARNING * * *
The hobgoblin closely misses you. The goblin barely misses you.
The goblin completely misses you.
Unknown command.
Aiming: Ensorcelled Hibernation (safe; 7% risk of failure)
Press: ? - help, Q - select action, (/) - cycle Shift-Dir - straight line, f - kobold
Aim: a kobold, wielding a +0 rapier (chance to affect: 64%)
The kobold resists with significant effort.
The kobold hits you with a +0 rapier!
* * * LOW HITPOINT WARNING * * *
The hobgoblin closely misses you. The goblin hits you with a +0 club.
You die...

Skill      XL: |  1  2  3  4  5 |
---------------+----------------+-----
Fighting       | 1 |  1.0
Stealth        | 4 |  4.0
Ice Magic      | 1 2 |  2.0
Hexes          | 4 5 |  5.4
Short Blades   | |  1.0
Dodging        | |  2.0
Spellcasting   | |  2.0

Action                   |  1- 3 |  4- 6 || total
-------------------------+-------+-------++-------
Melee: Dagger            |   119 |   163 ||   282
       Punch             |     1 |     1 ||     2
Throw: Dart              |    13 |    10 ||    23
 Cast: Ensorcelled Hiber |     1 |    47 ||    48
       Tukima's Dance    |       |     3 ||     3
       Confusing Touch   |       |     2 ||     2
  Use: Potion            |     1 |     4 ||     5
       Scroll            |     3 |     1 ||     4
 Stab: Invisible         |     3 |     2 ||     5
       Sleeping          |     6 |    34 ||    40
       Distracted        |       |     1 ||     1
       Confused          |       |     2 ||     2
Armor: Robe              |    44 |    48 ||    92
Dodge: Dodged            |    70 |   111 ||   181

Levels and vault maps discovered:
D:1:      minmay_arrival_glassed_features, layout_rooms, minmay_splitting_lines
D:2:      layout_basic
D:3:      layout_loops_ring, lemuel_crystal_altar, grunt_ministairs_4,
          chequers_serial_rivers_micro_b, uniq_robin, uniq_grinder
D:4:      layout_loops_cross, chequers_temple_overflow_minitemple,
          minmay_temple_entry_tees, serial_shops, nicolae_take_the_stairs
Temple:   eino_temple_rhombus

Notes
Turn   | Place    | Note
-------+----------+-------------------------------------------
     0 | D:1      | browni3141 the Human Enchanter began the quest for the Orb.
     0 | D:1      | Reached XP level 1. HP: 13/13 MP: 3/3
   235 | D:1      | Reached skill level 1 in Fighting
   374 | D:1      | Reached XP level 2. HP: 21/21 MP: 5/5
   513 | D:1      | Learned a level 2 spell: Ensorcelled Hibernation
   741 | D:1      | You fall into a shaft and drop 1 floor!
  1169 | D:2      | Reached XP level 3. HP: 25/26 MP: 6/6
  1225 | D:2      | Reached skill level 4 in Stealth
  1229 | D:2      | Learned a level 3 spell: Tukima's Dance
  1421 | D:2      | Reached skill level 1 in Ice Magic
  1428 | D:2      | Reached XP level 4. HP: 18/32 MP: 7/7
  2264 | D:3      | Reached skill level 4 in Hexes
  2264 | D:3      | Reached skill level 2 in Ice Magic
  2264 | D:3      | Reached XP level 5. HP: 12/37 MP: 5/8
  2538 | D:3      | Noticed Grinder
  3423 | D:3      | Noticed Robin
  3521 | D:4      | Found a staircase to the Ecumenical Temple.
  3528 | Temple   | Entered the Ecumenical Temple
  3893 | Temple   | HP: 3/37 [orc wizard/puff of flame (4)]
  4188 | D:4      | Reached skill level 5 in Hexes
  4294 | D:4      | Reached XP level 6. HP: 43/43 MP: 6/9
  4368 | D:3      | Learned a level 3 spell: Confusing Touch
  5020 | D:4      | Found Oshany's Antique Armour Shop.
  5243 | D:4      | HP: 3/43 [kobold/+0 rapier (7)]
  5243 | D:4      | Slain by a goblin

Vanquished Creatures
  An orc priest (D:3)
  An iguana (D:4)
  An orc wizard (Temple)
  A hound skeleton (D:2)
  4 adders
  2 worms
  13 orcs
  8 ball pythons
  2 endoplasms
  3 giant cockroaches
  17 goblins
  7 hobgoblins
  3 quokkas
  2 bats
  A frilled lizard (D:2)
  7 kobolds
  5 rats
78 creatures vanquished.

Vanquished Creatures (collateral kills)
  An orc (D:3)
1 creature vanquished.

Vanquished Creatures (others)
  2 dancing weapons (D:3)
2 creatures vanquished.

Grand Total: 81 creatures vanquished

Table legend: (Time is in decaauts)
 A = Elapsed time spent in this place.
 B = Non-inter-level travel time spent in this place.
 C = Inter-level travel time spent in this place.
 D = Time resting spent in this place.
 E = Time spent auto-exploring this place.
 F = Levels seen in this place.
 G = Mean time per level.
                   A        B        C        D        E       F      G
               +--------+--------+--------+--------+--------+-----+--------+
         Total |   5235 |   5137 |     98 |    945 |   3178 |   5 | 1047.0 |
       Dungeon |   4588 |   4515 |     73 |    669 |   2950 |   4 | 1147.0 |
        Temple |    647 |    622 |     25 |    276 |    228 |   1 |  647.0 |
               +--------+--------+--------+--------+--------+-----+--------+

Top non-repeatable levels by time:
     D:3: 1469 daAuts
     D:2: 1269 daAuts
     D:4: 998 daAuts
     D:1: 851 daAuts
  Temple: 647 daAuts

Table legend:
 A = Non-vault XP
 B = Vault XP
 C = Vault XP percentage of total XP
 D = Non-vault monster count
 E = Vault monster count
 F = Vault count percentage of total count
                 A         B        C        D         E       F
            +---------+---------+-------+---------+---------+-------
      Total |     300 |      31 |   9.4 |      69 |      10 |  12.7
            +---------+---------+-------+---------+---------+-------
        D:1 |      23 |       0 |   0.0 |      14 |       0 |   0.0
        D:2 |      71 |       0 |   0.0 |      19 |       0 |   0.0
        D:3 |     109 |      17 |  13.5 |      24 |       3 |  11.1
        D:4 |      62 |      14 |  18.4 |      11 |       7 |  38.9
     Temple |      35 |       0 |   0.0 |       1 |       0 |   0.0
            +---------+---------+-------+---------+---------+-------
